 Dungeon Crawl Stone Soup version 0.30-a0-243-gaa749bd8e4 (webtiles) character file.

Game seed: 11047931872360991944

83608 DEFE the Devastator (level 15, -32/80 HPs)
             Began as a Deep Elf Hexslinger on Oct 12, 2022.
             Was a Priest of Ashenzari.
             Killed by the raging water
             ... invoked by a water nymph
              (35 damage)
             ... on level 1 of the Shoals.
             The game lasted 01:22:06 (36760 turns).

DEFE the Devastator (Deep Elf Hexslinger)          Turns: 36760, Time: 01:22:07

Health: -32/80     AC: 17    Str: 10    XL:     15   Next: 32%
Magic:  0/44       EV: 13    Int: 31    God:    Ashenzari [***...]
Gold:   1198       SH:  8    Dex: 19    Spells: 12/43 levels left

rFire   . . .      SeeInvis +    Q - staff of conjuration
rCold   + . .      Faith    .    e - +3 buckler {rC+}
rNeg    . . .      Spirit   +    a - +4 troll leather armour "Clairvoyant Mistrust" {Regen+, Alch, Bglg} (curse)
rPois   .          Reflect  .    n - +0 helmet "Paranoia of Ashenzari" {Str+3 Dex+4 SInv, Melee, Elem} (curse)
rElec   +          Harm     .    o - scarf "Chained Stickiness" {repulsion, Comp, Elem} (curse)
rCorr   .          Rampage  .    k - +0 pair of gloves "Shackled Dismay" {Range, Alch} (curse)
Will    +....      Clarity  +    N - +2 pair of boots of Ashenzari's Portent {Cun, Evo} (curse)
Stlth   +.........               G - amulet of the Zebra {Spirit rElec}
HPRegen 1.13/turn                C - ring "Joepnyom" {AC+4 Int+5}
MPRegen 0.29/turn                S - ring of magical power

@: repel missiles, very slow
A: no striking features
a: Renounce Religion, Shatter the Chains


You were on level 1 of the Shoals.
You worshipped Ashenzari.
Ashenzari was most pleased with you.
You visited 5 branches of the dungeon, and saw 24 of its levels.
You also visited: Gauntlet.

You collected 3134 gold pieces.
You spent 1936 gold pieces at shops.

Inventory:

Missiles
 x - 2 throwing nets
 E - 28 poisoned darts
Armour
 a - the cursed +4 troll leather armour "Clairvoyant Mistrust" (worn) {Regen+, Alch, Bglg}
   (You found it on level 10 of the Dungeon)

   Regen:     It increases your rate of health regeneration.
   It has a curse which improves the following skills: Alchemy: Poison Magic and
   Transmutations.
   Beguiling: Conjurations, Hexes and Translocations.
 e - a +3 buckler of cold resistance (worn)
 k - the cursed +0 pair of gloves "Shackled Dismay" (worn) {Range, Alch}
   (You found it on level 2 of the Dungeon)

   It has a curse which improves the following skills: Ranged Combat: Ranged
   Weapons and Throwing.
   Alchemy:   Poison Magic and Transmutations.
 l - a +0 ring mail of poison resistance
 n - the cursed +0 helmet "Paranoia of Ashenzari" (worn) {Str+3 Dex+4 SInv, Melee, Elem}
   (You found it on level 5 of the Lair of Beasts)

   Str:       It affects your strength (+3).
   Dex:       It affects your dexterity (+4).
   SInv:      It lets you see invisible.
   It has a curse which improves the following skills: Melee Combat: Short
   Blades, Long Blades, Axes, Maces & Flails, Polearms, Staves and Unarmed
   Combat.
   Elements:  Fire Magic, Ice Magic, Air Magic and Earth Magic.
 o - the cursed scarf "Chained Stickiness" (worn) {repulsion, Comp, Elem}
   (You found it on level 14 of the Dungeon)

   It has a curse which improves the following skills: Companions: Summonings
   and Necromancy.
   Elements:  Fire Magic, Ice Magic, Air Magic and Earth Magic.
 N - the cursed +2 pair of boots of Ashenzari's Portent (worn) {Cun, Evo}
   (You found it on level 10 of the Dungeon)

   It has a curse which improves the following skills: Cunning: Dodging and
   Stealth.
   Evocations: Evocations.
Magical Staves
 Q - a staff of conjuration (weapon)
Jewellery
 j - an amulet of regeneration
 m - a +4 ring of protection
 y - a +4 ring of evasion
 C - the ring "Joepnyom" (left hand) {AC+4 Int+5}
   (You bought it in a shop on level 2 of the Orcish Mines)

   [ring of protection]

   AC:        It affects your AC (+4).
   Int:       It affects your intelligence (+5).
 G - the amulet of the Zebra (around neck) {Spirit rElec}
   (You found it in a Gauntlet)

   [amulet of guardian spirit]

   It causes incoming damage to be divided between your reserves of health and
   magic.
   rElec:     It insulates you from electricity.
 H - a ring of fire
 L - a ring of positive energy
 P - a ring of wizardry
 S - a ring of magical power (right hand)
Wands
 p - a wand of flame (12)
 A - a wand of digging (15)
 J - a wand of light (3)
 K - a wand of polymorph (3)
 T - a wand of iceblast (14)
 X - a wand of charming (10)
Scrolls
 b - 7 scrolls of poison
 d - 11 scrolls of teleportation
 h - 3 scrolls of amnesia
 i - 3 scrolls of magic mapping
 q - a scroll of fear
 z - 3 scrolls of butterflies
 D - 6 scrolls of enchant weapon
 I - a scroll of silence
 U - a scroll of blinking
 Y - a scroll of brand weapon
Potions
 c - 3 potions of might
 f - 2 potions of haste
 g - 3 potions of brilliance
 s - 2 potions of mutation
 t - a potion of invisibility
 u - 3 potions of degeneration
 v - 5 potions of lignification
 w - 2 potions of magic
 B - a potion of cancellation
 F - 5 potions of heal wounds
 M - a potion of ambrosia
 O - 4 potions of curing
 R - a potion of resistance
 V - 4 potions of attraction
 Z - a potion of flight
Miscellaneous
 r - a lightning rod (4/4)
 W - a box of beasts


   Skills:
 - Level 4.2 Fighting
 - Level 8.0(9.6) Ranged Weapons
 - Level 2.4(3.7) Dodging
 - Level 1.3(2.4) Stealth
 - Level 3.2 Shields
 - Level 14.5 Spellcasting
 + Level 16.2(17.7) Conjurations
 - Level 5.5(7.1) Hexes
 - Level 4.0(6.3) Fire Magic
 - Level 5.0(7.3) Ice Magic
 + Level 14.9(17.2) Air Magic
 - Level 10.2(11.8) Evocations


You had 12 spell levels left.
You knew the following spells:

 Your Spells              Type           Power      Damage    Failure   Level
a - Airstrike             Air            46%        2d(7-23)  1%          4
b - Ignite Poison         Fire/Tmut/Pois 36%        N/A       4%          3
c - Inner Flame           Hex/Fire       59%        N/A       1%          3
d - Kiss of Death         Conj/Necr      100%       2d13      1%          1
e - Freezing Cloud        Conj/Ice/Air   52%        6-21      1%          5
f - Slow                  Hex            100%       N/A       1%          1
g - Lightning Bolt        Conj/Air       57%        1d80      1%          5
h - Chain Lightning       Conj/Air       57%        3d76      96%         9

Your spell library contained the following spells:

 Spells                   Type           Power      Damage    Failure   Level
 Static Discharge         Conj/Air       100%       2-7/arc   0%          2
 Cigotuvi's Dreadful Rot  Necr/Pois/Air  100%       N/A       1%          2
 Momentum Strike          Conj/Tloc      100%       3d10      1%          2
 Confusing Touch          Hex            61%        N/A       1%          3
 Kindle Blastsparks       Fire/Tloc/Air  100%       2d18      1%          3
 Cause Fear               Hex            30%        N/A       1%          4
 Summon Lightning Spire   Summ/Air       66%        N/A       1%          4
 Conjure Ball Lightning   Conj/Air       57%        3x3d21    1%          6
 Portal Projectile        Hex/Tloc       90%        N/A       2%          3
 Irradiate                Conj/Tmut      43%        3d26      2%          5
 Blink                    Tloc           46%        N/A       5%          2
 Sublimation of Blood     Necr           23%        N/A       5%          2
 Metabolic Englaciation   Hex/Ice        30%        N/A       5%          5
 Summon Ice Beast         Ice/Summ       45%        N/A       8%          4
 Lesser Beckoning         Tloc           46%        N/A       11%         3
 Summon Mana Viper        Hex/Summ       45%        N/A       22%         5
 Petrify                  Tmut/Erth      24%        N/A       32%         4
 Dispel Undead            Necr           23%        3d12      34%         4
 Manifold Assault         Tloc           23%        N/A       34%         4
 Storm Form               Tmut/Air       33%        N/A       65%         7
 Simulacrum               Ice/Necr       22%        N/A       77%         6
 Death Channel            Necr           11%        N/A       99%         6
 Statue Form              Tmut/Erth      16%        N/A       99%         6
 Dragon Form              Tmut           12%        N/A       100%        7
 Monstrous Menagerie      Summ           11%        N/A       100%        7
 Discord                  Hex            30%        N/A       100%        8
 Disjunction              Tloc           11%        N/A       100%        8
 Dragon's Call            Summ           11%        N/A       100%        9
 Polar Vortex             Ice            31%        N/A       100%        9


Dungeon Overview and Level Annotations

Branches:
Dungeon (15/15)            Temple (1/1) D:7            Lair (5/5) D:11
 Shoals (1/4) Lair:3       Spider (0/4) Lair:2        Slime (0/5) Lair:5
    Orc (2/2) D:11            Elf (0/3) Orc:2        Vaults (0/5) D:14
 Depths (0/4) D:15        Gauntlet (visited)

Altars:
Ashenzari
Cheibriados
Dithmenos
Elyvilon
Fedhas
Gozag
Hepliaklqana
Kikubaaqudgha
Makhleb
Nemelex Xobeh
Okawaru
Qazlal
Ru
Sif Muna
Trog
Uskayaw
Vehumet
Wu Jian
Xom
Yredelemnul
Zin
The Shining One
Jiyva

Shops:
D:8 *   D:13 [   Orc:1 [   Orc:2 (*=?   Shoals:1 *

Annotations:
D:3 Ijyb
D:6 1 runed translucent door, Crazy Yiuf


Message History

That beam is likely to hit you.
Continue anyway?
You are engulfed in freezing vapours.
You resist.
The harpy is engulfed in freezing vapours.
You kill the harpy!
The harpy is engulfed in freezing vapours.
You block the harpy's attack. The harpy misses you.
The harpy is engulfed in freezing vapours.
The harpy claws you! The harpy closely misses you.
The harpy is engulfed in freezing vapours. x2
The water elemental is engulfed in freezing vapours.
You destroy the water elemental!
You take 12 damage, and have 44/80 hp.
You now have 10/44 mp.
Unknown command.
Unknown command.
You are engulfed in freezing vapours.
You resist.
The harpy is engulfed in freezing vapours. x2
The harpy claws you but does no damage. You block the harpy's attack.
The harpy is engulfed in freezing vapours.
A water nymph comes into view.
The harpy claws you! The harpy claws you but does no damage.
The harpy is engulfed in freezing vapours.
You take 17 damage, and have 27/80 hp.
MASSIVE DAMAGE!!
You now have 5/44 mp.
The harpy attacks as you move away! You block the harpy's attack.
The harpy claws you but does no damage.
The harpy is engulfed in freezing vapours.
The harpy closely misses you. x2
The harpy is engulfed in freezing vapours. x2
You kill the harpy!
The water nymph points at you and mumbles some strange words.
The water swirls and strikes you!!
* * * LOW HITPOINT WARNING * * *
You take 26 damage, and have 1/80 hp.
MASSIVE DAMAGE!!
You now have 0/44 mp.
The harpy barely misses you. x2
The water nymph points at you and mumbles some strange words.
The water swirls and strikes you!!
You die...

, ≈≈≈##~..####
##########.~~ ~ ~≈≈
*#...##.###..## #.~. ≈
#...##.....>.######~P~
.≈~*#.~~##.~~~~~##...##P≈≈
,
...##~~~~~######~~~~~~#~≈≈
...~~##~~~####~#~~~##P~~~≈
~ ~~...#~~~~≈≈≈~~~~~~#
P~~~≈ ~
~~~~~#~##~≈≈~~~..### .P~~~
~ ~~~~~~###@~~~~~.##
*P~.~~ ~~~~~~H~~########


*,PPPP~ ~ ~ ~~m~~~§○§###### , ,P.~P ~ ~~~~~§§§§~~~~.., * ~..~ ~~~~~~§§§§~~(.. **
~ ~ ~ ~~~#~#§§§○~~~~.., ~~ ≈ , ~~~∩..§§§m~~~~~~ , * ~ ~~#.#...~~~~~~~ ~
~~......~~~~~~~~ ~ ~ ~ You could see a water nymph and a harpy.

Vanquished Creatures
  A stone giant (D:15)
  A minotaur (Gauntlet)
  A merfolk impaler (Shoals:1)
  2 vault guards (D:14)
  A catoblepas (Lair:2)
  2 hydras
  5 centaur warriors
  A death knight (D:12)
  3 two-headed ogres
  4 boulder beetles
  3 tengu warriors
  Urug (Lair:1)
  6 death yaks
  An orc high priest (Orc:2)
  Nergalle (D:10)
  14 spriggans
  Amaemon (D:10)
  2 sea snakes (Shoals:1)
  Lodul (D:14)
  Pikel (D:8)
  3 deep elf pyromancers (D:14)
  3 harpies (Shoals:1)
  3 necromancers (D:14)
  5 ugly things
  4 manticores
  5 orc sorcerers (Orc:2)
  2 oklob plants
  6 cyclopes
  Maurice (D:13)
  A black mamba (Lair:4)
  2 water nymphs (Shoals:1)
  An orange demon (D:10)
  Maggie (D:8)
  11 cane toads
  An unseen horror (D:12)
  2 kobold demonologists (D:9)
  An efreet (D:15)
  12 komodo dragons
  A freezing wraith (D:15)
  2 rime drakes
  A tengu conjurer (D:14)
  5 trolls
  4 hornets
  3 meliai (Gauntlet)
  7 polar bears
  29 blink frogs
  8 dream sheep (Lair:5)
  8 slime creatures (D:15)
  4 culicivoras (Lair:2)
  6 basilisks
  4 water elementals
  7 wyverns
  4 wraiths
  34 yaks
  20 humans (D:14)
  3 swamp worms (Gauntlet)
  11 water moccasins
  3 acid dragons
  Pargi (D:3)
  20 orc warriors
  2 ice beasts
  A sky beast (D:7)
  A hornet zombie (D:7)
  3 black bears
  14 ogres
  3 boggarts (Lair:5)
  4 centaurs
  17 wolves
  A phantom (D:4)
  A kobold brigand (D:9)
  7 necrophages
  22 bullfrogs
  A gnoll sergeant (D:12)
  2 scorpions (D:5)
  9 wights
  17 killer bees
  2 howler monkeys
  4 electric eels
  A jelly (D:7)
  A human zombie (D:7)
  21 orc priests
  2 gnoll boudas (D:8)
  3 hounds
  7 iguanas
  20 orc wizards
  3 killer bee zombies (D:7)
  2 mummies (D:7)
  A howler monkey zombie (D:7)
  16 gnolls
  9 adders
  A shadow imp (D:6)
  3 white imps
  An ufetubus (D:5)
  2 worms (D:2)
  3 dart slugs
  71 orcs
  11 bats
  5 endoplasms
  4 giant cockroaches (D:2)
  7 goblins
  5 hobgoblins
  8 jackals (D:1)
  2 quokkas
  13 ball pythons
  4 frilled lizards
  10 kobolds
  6 rats
654 creatures vanquished.

Vanquished Creatures (collateral kills)
  A blink frog (Lair:2)
1 creature vanquished.

Vanquished Creatures (others)
  A water moccasin (Lair:4)
  3 bushes (D:11)
  61 fungi
  138 plants
203 creatures vanquished.

Grand Total: 858 creatures vanquished

Notes
Turn   | Place    | Note
-------+----------+-------------------------------------------
     0 | D:1      | DEFE the Deep Elf Hexslinger began the quest for the Orb.
     0 | D:1      | Reached XP level 1. HP: 11/11 MP: 5/5
   208 | D:1      | Reached XP level 2. HP: 16/16 MP: 6/6
   469 | D:1      | Reached XP level 3. HP: 11/20 MP: 7/7
  1189 | D:2      | Learned a level 3 spell: Ignite Poison
  1201 | D:2      | Reached skill level 1 in Fighting
  1437 | D:2      | Reached XP level 4. HP: 24/25 MP: 9/9
  1754 | D:3      | Found a hide-covered altar of Uskayaw.
  1755 | D:3      | Found a sparkling altar of Nemelex Xobeh.
  1755 | D:3      | Found a white marble altar of Elyvilon.
  1755 | D:3      | Found a stormy altar of Qazlal.
  1759 | D:3      | Found an ornate altar of the Wu Jian Council.
  1785 | D:3      | Noticed Pargi
  1805 | D:3      | Killed Pargi
  1806 | D:3      | Reached skill level 5 in Ranged Weapons
  1806 | D:3      | Reached skill level 1 in Fire Magic
  1806 | D:3      | Reached XP level 5. HP: 30/30 MP: 9/11
  2002 | D:3      | Noticed Ijyb
  2024 | D:3      | HP: 1/30 [Ijyb/puff of flame (5)]
  2798 | D:4      | Learned a level 3 spell: Inner Flame
  2903 | D:5      | Entered Level 5 of the Dungeon
  3257 | D:5      | Reached XP level 6. HP: 34/35 MP: 11/13
  3552 | D:5      | Reached XP level 7. HP: 20/40 MP: 13/16
  4143 | D:6      | Reached skill level 5 in Spellcasting
  4465 | D:5      | Reached skill level 5 in Hexes
  4604 | D:5      | Reached XP level 8. HP: 38/46 MP: 18/18
  5094 | D:6      | Learned a level 1 spell: Kiss of Death
  5103 | D:6      | Learned a level 5 spell: Freezing Cloud
  5132 | D:6      | Reached skill level 1 in Conjurations
  5132 | D:6      | Reached skill level 1 in Ice Magic
  5658 | D:6      | Reached skill level 2 in Conjurations
  5852 | D:6      | Found a runed translucent door.
  5853 | D:6      | Noticed Crazy Yiuf
  6301 | D:7      | Found a staircase to the Ecumenical Temple.
  6546 | D:7      | Reached skill level 1 in Air Magic
  6607 | Temple   | Entered the Ecumenical Temple
  6668 | Temple   | Became a worshipper of Ashenzari the Shackled
  6727 | Temple   | Reached skill level 3 in Conjurations
  7042 | D:7      | Reached XP level 9. HP: 21/52 MP: 20/20
  7071 | D:7      | HP: 2/52 [steam dragon/ball of steam (15)]
  7551 | D:7      | Reached skill level 4 in Conjurations
  7633 | D:7      | Learned a level 4 spell: Airstrike
  8029 | D:7      | Found an ancient bone altar of Kikubaaqudgha.
  8050 | D:7      | Reached skill level 5 in Conjurations
  8143 | D:8      | Found Wavih's Elemental Accessories.
  8162 | D:8      | Noticed Maggie
  8175 | D:8      | Killed Maggie
  8294 | D:8      | Reached skill level 6 in Conjurations
  8433 | D:8      | Reached skill level 5 in Air Magic
  8544 | D:8      | Noticed Pikel
  8555 | D:8      | Killed Pikel
  8556 | D:8      | Reached skill level 7 in Conjurations
  8730 | D:8      | Found a shimmering blue altar of Sif Muna.
  9111 | D:9      | Noticed a kobold demonologist
  9111 | D:9      | Noticed a kobold demonologist
  9343 | D:9      | Reached * piety under Ashenzari
  9555 | D:9      | Reached XP level 10. HP: 59/59 MP: 8/22
 10124 | D:9      | Reached skill level 8 in Conjurations
 10672 | D:10     | Entered Level 10 of the Dungeon
 10688 | D:10     | Noticed Amaemon
 10688 | D:10     | Noticed an orange demon
 10704 | D:10     | Killed an orange demon
 10748 | D:10     | Killed Amaemon
 10749 | D:10     | Reached skill level 9 in Conjurations
 10900 | D:10     | Reached skill level 5 in Ice Magic
 11094 | D:10     | Found a hazy altar of Hepliaklqana.
 11095 | D:10     | Found a shimmering altar of Xom.
 11095 | D:10     | Noticed a red ugly thing
 11118 | D:10     | Reached ** piety under Ashenzari
 11401 | D:10     | Noticed Nergalle
 11407 | D:10     | Killed Nergalle
 12038 | D:10     | Reached XP level 11. HP: 56/64 MP: 13/24
 12214 | D:10     | Reached skill level 10 in Conjurations
 12414 | D:10     | Noticed a two-headed ogre
 12421 | D:10     | Killed a two-headed ogre
 13158 | D:11     | Found a gate leading to a gauntlet.
 13168 | Gauntlet | Entered a Gauntlet
 13168 | Gauntlet | Found a transporter.
 13168 | Gauntlet | Found a large runed translucent door.
 13168 | Gauntlet | Found a large runed translucent door.
 13168 | Gauntlet | Found a large runed translucent door.
 13168 | Gauntlet | Found a large runed translucent door.
 13168 | Gauntlet | Found a runed translucent door.
 13168 | Gauntlet | Found a runed translucent door.
 13168 | Gauntlet | Found a large runed translucent door.
 13168 | Gauntlet | Found a large runed translucent door.
 13168 | Gauntlet | Found a large runed translucent door.
 13168 | Gauntlet | Found a large runed translucent door.
 13168 | Gauntlet | Found a large runed translucent door.
 13168 | Gauntlet | Found a large runed translucent door.
 13204 | Gauntlet | Found a large runed translucent door.
 13204 | Gauntlet | Found a large runed translucent door.
 13224 | Gauntlet | Found a transporter.
 13229 | Gauntlet | Found a transporter.
 13234 | Gauntlet | Found a transporter.
 13249 | Gauntlet | Found a transporter.
 13249 | Gauntlet | Found the ring of the Octopus King {rF+ HP+2 AC+2 EV+2
                  | SH+2}
 13249 | Gauntlet | Found the ring of the Octopus King {rF+ HP+2 AC+2 EV+2
                  | SH+2}
 13255 | Gauntlet | Noticed a death yak
 13257 | Gauntlet | Noticed a death yak
 13257 | Gauntlet | Noticed a death yak
 13258 | Gauntlet | Noticed a death yak
 13267 | Gauntlet | Identified the ring of Helesm {Wiz Int+2}
 13268 | Gauntlet | Found a transporter.
 13270 | Gauntlet | Noticed a reaper
 13280 | Gauntlet | Found a transporter.
 13281 | Gauntlet | Identified the amulet of the Zebra {Spirit rElec}
 13292 | Gauntlet | Found a transporter.
 13301 | Gauntlet | Identified the ring "Johughaf" {rN+ Str+4}
 13312 | Gauntlet | Found a transporter.
 13314 | Gauntlet | Identified the +0 helmet of Omission {rC- Str+6}
 13321 | Gauntlet | Noticed a sixfirhy
 13322 | Gauntlet | Noticed a sixfirhy
 13323 | Gauntlet | Identified the ring "Hyfin" {AC+4 Str+9}
 13324 | Gauntlet | Found a transporter.
 13325 | Gauntlet | Noticed a sixfirhy
 13328 | Gauntlet | Noticed a sixfirhy
 13341 | Gauntlet | Found a transporter.
 13359 | Gauntlet | Found a transporter.
 13361 | Gauntlet | Found a transporter.
 13379 | Gauntlet | Found a large runed translucent door.
 13380 | Gauntlet | Found a large runed translucent door.
 13384 | Gauntlet | Found a runed translucent gate.
 13384 | Gauntlet | Found a runed translucent gate.
 13384 | Gauntlet | Found a runed translucent gate.
 13385 | Gauntlet | Noticed an oklob plant
 13386 | Gauntlet | Found a transporter.
 13388 | Gauntlet | Found a transporter.
 13394 | Gauntlet | Found a large runed translucent door.
 13395 | Gauntlet | Found a large runed translucent door.
 13408 | Gauntlet | Found a transporter.
 13486 | Gauntlet | Found a transporter.
 13506 | Gauntlet | Found a transporter.
 13592 | Gauntlet | Learned a level 5 spell: Lightning Bolt
 13692 | Gauntlet | Killed an oklob plant
 14024 | Gauntlet | Reached skill level 11 in Conjurations
 14100 | Gauntlet | Noticed a minotaur
 14104 | Gauntlet | Killed a minotaur
 14105 | Gauntlet | Reached skill level 10 in Air Magic
 14282 | D:11     | Reached skill level 1 in Evocations
 14685 | D:11     | Found a staircase to the Orcish Mines.
 15047 | D:11     | Found a staircase to the Lair.
 15658 | Lair:1   | Entered Level 1 of the Lair of Beasts
 15688 | Lair:1   | Reached *** piety under Ashenzari
 15842 | Lair:1   | Noticed Urug
 15865 | Lair:1   | Killed Urug
 15866 | Lair:1   | Reached skill level 12 in Conjurations
 16216 | Lair:1   | Reached XP level 12. HP: 71/71 MP: 12/27
 16244 | Lair:1   | Noticed a four-headed hydra
 16286 | Lair:1   | Killed a four-headed hydra
 16847 | Lair:1   | Noticed a boulder beetle
 16851 | Lair:1   | Killed a boulder beetle
 16852 | Lair:1   | Reached skill level 5 in Evocations
 16925 | Lair:1   | Found a hide-covered altar of Uskayaw.
 16925 | Lair:1   | Found an ornate altar of the Wu Jian Council.
 16936 | Lair:1   | Reached **** piety under Ashenzari
 17985 | Lair:2   | Noticed a catoblepas
 18050 | Lair:2   | Killed a catoblepas
 18789 | Lair:2   | Found a hole to the Spider Nest.
 18887 | Lair:2   | Found a blossoming altar of Fedhas.
 18986 | Lair:3   | Reached skill level 13 in Conjurations
 19516 | Lair:3   | Identified the +2 leather armour of Baezos {rF++ rC++
                  | rCorr}
 19596 | Lair:3   | Found a staircase to the Shoals.
 20527 | Lair:4   | Reached XP level 13. HP: 58/78 MP: 0/32
 21240 | Lair:4   | Reached skill level 10 in Spellcasting
 21879 | Lair:5   | Entered Level 5 of the Lair of Beasts
 23218 | Lair:5   | Reached skill level 14 in Conjurations
 24781 | Lair:5   | Reached XP level 14. HP: 81/83 MP: 23/35
 25015 | Lair:5   | Found a staircase to the Slime Pits.
 25015 | Lair:5   | Found a viscous altar of Jiyva.
 25915 | Lair:5   | Identified the +0 helmet of the Grand God {Str+3 Dex+4
                  | SInv}
 26496 | D:12     | Reached skill level 1 in Stealth
 27866 | D:13     | Noticed Maurice
 27886 | D:13     | Reached skill level 1 in Shields
 27886 | D:13     | Reached skill level 10 in Evocations
 27957 | D:13     | Killed Maurice
 28273 | D:13     | Found Ymainnat's Antique Armour Shoppe.
 28280 | D:13     | Bought a pair of embroidered boots for 210 gold pieces
 28849 | D:14     | Reached skill level 15 in Conjurations
 29156 | D:14     | Noticed Lodul
 29159 | D:14     | Killed Lodul
 29391 | D:14     | Identified the +7 scale mail of Patterns {rElec Dex-3 SInv}
 30743 | D:14     | Found a gate to the Vaults.
 30867 | D:15     | Entered Level 15 of the Dungeon
 31815 | D:15     | Found a staircase to the Depths.
 31815 | D:15     | Noticed a stone giant
 31824 | D:15     | Killed a stone giant
 31825 | D:15     | Reached XP level 15. HP: 84/84 MP: 26/36
 32572 | Orc:1    | Entered Level 1 of the Orcish Mines
 32842 | Orc:2    | Entered Level 2 of the Orcish Mines
 34829 | Orc:2    | DEFE: ??storm form
 34829 | Orc:2    | beem: storm form[1/1]: Level 7 Tmut/Air form that scales
                  | heavily based on spellpower. Elec-branded cleaving melee,
                  | built-in blinkbolt (blink through monsters and zap em), and
                  | a few other fun things. New as of 0.27.
 34887 | Orc:2    | Found a staircase to the Elven Halls.
 35193 | Orc:2    | Found Guhise's Magic Scroll Boutique.
 35193 | Orc:2    | Found Puenauj's Jewellery Boutique.
 35194 | Orc:2    | Found Aluih's Antique Weapon Shop.
 35198 | Orc:2    | Found Eghuope's General Store.
 35208 | Orc:2    | Bought the ring "Joepnyom" {AC+4 Int+5} for 963 gold pieces
 35495 | D:8      | Bought Ajul Vusk's Octavo of the Wind for 532 gold pieces
 35505 | D:8      | Learned a level 9 spell: Chain Lightning
 35880 | Orc:1    | Found Bileesm's Armour Shoppe.
 35949 | Orc:1    | Bought a +1 buckler of cold resistance for 231 gold pieces
 36215 | Shoals:1 | Entered Level 1 of the Shoals
 36217 | Shoals:1 | Reached skill level 16 in Conjurations
 36750 | Shoals:1 | Found Roefoxt's General Store.
 36759 | Shoals:1 | HP: 1/80 [water nymph/the raging water (27)]
 36760 | Shoals:1 | Killed from afar by a water nymph

Illustrated notes

Levels and vault maps discovered:
D:1:      ncdulo_wetmaze, layout_basic
D:2:      layout_loops_ring
D:3:      layout_basic, grunt_temple_overflow_open, uniq_pargi, uniq_ijyb
D:4:      layout_cave_pools
D:5:      layout_basic, hangedman_decor_push, saegor_snake_ambush
D:6:      layout_cave_pools, serial_column_ruins, column_ruins_hut,
          column_ruins_square_large, column_ruins_columns_corner,
          column_ruins_open_tiny, column_ruins_corridor_T,
          uniq_crazy_yiuf_cottage
D:7:      layout_rooms, lemuel_mausoleum_altar_kikubaaqudgha,
          minmay_temple_entry_wispy, kennysheep_small_square
D:8:      layout_basic, lemuel_blue_sif_altar, minmay_misc_feat_chi,
          nicolae_elemental_shop, uniq_pikel, uniq_maggie
D:9:      layout_long_grid, ebering_dispersal_statue_hall
D:10:     layout_roguey [special_room_orc], regret_index_temple_of_mockery,
          feat_on_display, uniq_amaemon, uniq_nergalle
D:11:     layout_small_grid, minmay_lair_entry_grove, hiddenorc1_lemuel,
          gauntlet_entry_generic, serial_bayou_lagoon_a
D:12:     layout_basic, nicolae_concentric_dashed_squares_mild
D:13:     layout_loops_ring, hangedman_decor_points, kennysheep_small_circle,
          uniq_maurice
D:14:     layout_basic, grunt_vaults_entry_tiered, kennysheep_nondescript,
          uniq_lodul
D:15:     grunt_enter_depths_giant_problem, layout_basic
Temple:   cyrus_circular_temple
Lair:1:   layout_long_grid, nzn_masters_of_martial_movement, lemuel_fruit_tree,
          grunt_megastairs_2, lemuel_fruit_fields, uniq_urug
Lair:2:   layout_misc_corridors, hellmonk_spider_entry_life_and_decay,
          basic_altar, st_stairs_10, minivault_11, lemuel_fruit_fields,
          lemuel_fruit_fields, infiniplex_staircase_pool
Lair:3:   layout_loops_ring, shoals_dummy_entry, chequers_serial_rivers_micro_e,
          minmay_holes
Lair:4:   layout_cave_shapes, lemuel_fruit_fields
Lair:5:   minmay_lair_end_enchanted_forest, layout_regular_city, slime_entry_1
Shoals:1: layout_shoals, serial_shops, nicolae_shop_crystal,
          nicolae_shoals_lost_giant_amphitheater,
          nicolae_shoals_hidden_pirate_stash
Orc:1:    layout_caves, serial_shops, shop_fountains, nicolae_orc_lava_room
Orc:2:    st_orc_mages, layout_diamond_mine

Skill      XL: |  1  2  3  4  5  6  7  8  9 10 11 12 13 14 15 |
---------------+----------------------------------------------+-----
Ranged Weapons | 3 4 5 6 7 8 |  8.0
Fighting       | 1 2 3 4 |  4.2
Spellcasting   | 2 3 4 5 6 9 12 14 | 14.5
Fire Magic     | 1 2 3 4 |  4.0
Hexes          | 5 |  5.5
Conjurations   | 3 7 9 12 13 14 15 16 | 16.2
Ice Magic      | 3 5 |  5.0
Air Magic      | 2 6 8 10 12 13 14 | 14.9
Evocations     | 4 7 9 10 | 10.2
Stealth        | 1 |  1.3
Shields        | 3 |  3.2
Dodging        | |  2.4

Action                   |  1- 3 |  4- 6 |  7- 9 | 10-12 | 13-15 || total
-------------------------+-------+-------+-------+-------+-------++-------
Melee: Sling             |       |     1 |       |       |       ||     1
       Staff             |       |       |       |    32 |    54 ||    86
 Fire: Sling             |   149 |   235 |   625 |   140 |       ||  1149
 Cast: Slow              |     3 |    28 |    88 |     9 |     7 ||   135
       Freezing Cloud    |       |       |     5 |    38 |     7 ||    50
       Airstrike         |       |       |     4 |    60 |    14 ||    78
       Lightning Bolt    |       |       |       |   132 |   487 ||   619
Invok: Curse Item        |       |       |     2 |     5 |     3 ||    10
       Shatter the Chain |       |       |       |     1 |     4 ||     5
Evoke: Wand              |       |       |    13 |    21 |     1 ||    35
       Box of beasts     |       |       |       |     1 |       ||     1
  Use: Scroll            |     1 |     6 |     5 |     5 |     3 ||    20
       Potion            |       |     2 |     4 |     1 |     1 ||     8
 Stab: Distracted        |       |       |       |     1 |       ||     1
       Invisible         |       |       |       |     1 |       ||     1
Armor: Robe              |    17 |    34 |   132 |       |       ||   183
       Steam dragon scal |       |       |     9 |    35 |       ||    44
       Troll leather arm |       |       |       |    58 |   117 ||   175
Dodge: Dodged            |    71 |    74 |   383 |   237 |   127 ||   892
       Repelled          |       |       |       |       |     1 ||     1
Block: Buckler           |       |       |       |       |    24 ||    24

Table legend: (Time is in decaauts)
 A = Elapsed time spent in this place.
 B = Non-inter-level travel time spent in this place.
 C = Inter-level travel time spent in this place.
 D = Time resting spent in this place.
 E = Time spent auto-exploring this place.
 F = Levels seen in this place.
 G = Mean time per level.
                   A        B        C        D        E       F      G
               +--------+--------+--------+--------+--------+-----+--------+
         Total |  36935 |  35173 |   1762 |  15791 |  13609 |  25 | 1477.4 |
       Dungeon |  20881 |  19990 |    891 |   7552 |   8647 |  15 | 1392.1 |
        Temple |    173 |    166 |      7 |     42 |     34 |   1 |  173.0 |
          Lair |  11018 |  10376 |    642 |   5911 |   3332 |   5 | 2203.6 |
        Shoals |    448 |    448 |      0 |    148 |    240 |   1 |  448.0 |
  Orcish Mines |   3369 |   3150 |    219 |   1779 |   1048 |   2 | 1684.5 |
      Gauntlet |   1043 |   1043 |      0 |    359 |    307 |   1 | 1043.0 |
               +--------+--------+--------+--------+--------+-----+--------+

Top non-repeatable levels by time:
  Lair:4: 3984 daAuts
   Orc:2: 2675 daAuts
    D:14: 2222 daAuts
    D:10: 2199 daAuts
     D:7: 1952 daAuts
    D:11: 1918 daAuts
     D:5: 1843 daAuts
  Lair:5: 1823 daAuts
  Lair:3: 1789 daAuts
  Lair:1: 1783 daAuts
  Lair:2: 1638 daAuts
    D:15: 1589 daAuts
     D:9: 1496 daAuts
    D:12: 1381 daAuts
     D:8: 1126 daAuts
